[Event "Early-Titled-Tuesday-Blitz-March-12-2024"]
[Site "Chess.com"]
[Date "2024.03.12"]
[Round "7"]
[White "crazy_m_attack"]
[Black "rikchessmx"]
[Result "1-0"]
[WhiteElo "2469"]
[BlackElo "2312"]
[TimeControl "180+1"]
[EndTime "9:13:06 PDT"]
[Termination "crazy_m_attack won by resignation"]

1. e4 c5 2. Nf3 e6 3. d4 cxd4 4. Nxd4 a6 5. Bd3 Nc6 6. Nxc6 dxc6 7. O-O Qc7 8. f4 Bc5+ 9. Kh1 e5 10. f5 h6 11. Qg4 Bf8 12. Be3 Nf6 13. Qf3 c5 14. c4 b6 15. Nc3 Bb7 16. Rad1 O-O-O 17. Nd5 Bxd5 18. cxd5 Kb8 19. Bxa6 Qa7 20. Bc4 Qa4 21. Rc1 Bd6 22. a3 b5 23. b3 Qa6 24. Bd3 Rc8 25.
a4 c4 26. axb5 Qxb5 27. bxc4 Qd7 28. c5 Bxc5 29. Bxc5 Rxc5 30. Rxc5 1-0

[Event "Early-Titled-Tuesday-Blitz-March-12-2024"]
[Site "Chess.com"]
[Date "2024.03.12"]
[Round "7"]
[White "KnightmareJoker"]
[Black "margarita_2703"]
[Result "1-0"]
[WhiteElo "2230"]
[BlackElo "2372"]
[TimeControl "180+1"]
[EndTime "9:13:25 PDT"]
[Termination "KnightmareJoker won by resignation"]

1. e4 a6 2. d4 d6 3. c4 g6 4. Nf3 Bg7 5. Nc3 Nd7 6. Be3 e5 7. d5 h5 8. Be2 Nh6 9. Qd2 Ng4 10. Bg5 f6 11. Be3 O-O 12. h3 Nxe3 13. Qxe3 a5 14. g4 f5 15. gxf5 gxf5 16. Rg1 f4 17. Qd2 Nc5 18.
Ng5 Qf6 19. Bxh5 Bd7 20. f3 Be8 21. Bxe8 Raxe8 22. h4 Qh6 23. Rg4 Kh8 24. O-O-O Bf6 25. Rdg1 Rg8 26. Nf7+ 1-0

[Event "Early-Titled-Tuesday-Blitz-March-12-2024"]
[Site "Chess.com"]
[Date "2024.03.12"]
[Round "7"]
[White "shimastream"]
[Black "HansOnTwitch"]
[Result "0-1"]
[WhiteElo "2960"]
[BlackElo "3107"]
[TimeControl "180+1"]
[EndTime "9:13:38 PDT"]
[Termination "HansOnTwitch won by resignation"]

1. Nf3 d5 2. g3 Nc6 3. d4 Bf5 4. c4 e6 5. Bg2 Nb4 6. O-O Nc2 7. cxd5 Nxa1 8. e4 Bxe4 9. dxe6 fxe6 10. Nc3 Bxf3 11. Qxf3 Nf6 12. Bh3 Nc2 13. d5 Nd4 14.
Qd3 Bc5 15. Qc4 Qd6 16. dxe6 Rd8 17. Bg5 Nf3+ 18. Kh1 Nxg5 19. Rd1 Qc6+ 20. Bg2 Rxd1+ 21. Nxd1 Qxe6 0-1

[Event "Early-Titled-Tuesday-Blitz-March-12-2024"]
[Site "Chess.com"]
[Date "2024.03.12"]
[Round "7"]
[White "emeli_chess"]
[Black "killer_dreams"]
[Result "0-1"]
[WhiteElo "2394"]
[BlackElo "2511"]
[TimeControl "180+1"]
[EndTime "9:13:42 PDT"]
[Termination "killer_dreams won by resignation"]

1. d4 Nf6 2. c4 e6 3. Nc3 Bb4 4.
Qc2 d6 5. e4 e5 6. d5 Bxc3+ 7.
bxc3 O-O 8. Nf3 Nh5 9. c5 f5 10.
Bd3 fxe4 11. Bxe4 Nf6 12. Ng5 Nxe4 13. Qxe4 Bf5 14. Qe2 Nd7 15. cxd6 cxd6 16. O-O Nc5 17. Ne6 Bxe6 18. dxe6 Nxe6 19. Ba3 Nf4 20. Qxe5 dxe5 0-1

[Event "Early-Titled-Tuesday-Blitz-March-12-2024"]
[Site "Chess.com"]
[Date "2024.03.12"]
[Round "7"]
[White "PLAYER_2006_M"]
[Black "BestStelker"]
[Result "1-0"]
[WhiteElo "2984"]
[BlackElo "2716"]
[TimeControl "180+1"]
[EndTime "9:13:46 PDT"]
[Termination "PLAYER_2006_M won by resignation"]

1. d4 Nf6 2. Nc3 d5 3. Bf4 Bf5 4. f3 e6 5. g4 Bg6 6. h4 h5 7. g5 Nfd7 8. e4 Bb4 9. exd5 exd5 10. Qe2+ Kf8 11. Qh2 Nc6 12. Ne2 Bxc2 13. Kf2 Bxc3 14. Nxc3 Nxd4 15. Bxc7 Qc8 16. Qd6+ Kg8 17. Bh3 Nf5 18.
Bxf5 Bxf5 19. Nxd5 Kh7 20. Ne7 1-0

[Event "Early-Titled-Tuesday-Blitz-March-12-2024"]
[Site "Chess.com"]
[Date "2024.03.12"]
[Round "7"]
[White "Pedrada88"]
[Black "cthulhuuu"]
[Result "1-0"]
[WhiteElo "2541"]
[BlackElo "2393"]
[TimeControl "180+1"]
[EndTime "9:13:48 PDT"]
[Termination "Pedrada88 won by resignation"]

1. Nf3 Nf6 2. g3 g6 3. Bg2 Bg7 4. O-O O-O 5. d4 d6 6. a4 c5 7. a5 Nc6 8. a6 Rb8 9. axb7 Bxb7 10. Nc3 cxd4 11. Nxd4 Nxd4 12. Qxd4 Bxg2 13. Kxg2 Qc7 14.
Rxa7 Qc6+ 15. f3 Nd7 16. Qd5 Qc8 17. Bg5 Rxb2 18. Bxe7 Bxc3 19. Bxf8 Nxf8 20. Qxf7+ Kh8 21. Rc7 Qd8 22. Rxc3 Nd7 23. Rd1 Ne5 24. Qe6 1-0

[Event "Early-Titled-Tuesday-Blitz-March-12-2024"]
[Site "Chess.com"]
[Date "2024.03.12"]
[Round "7"]
[White "alexrustemov"]
[Black "Alex_Banzea"]
[Result "1-0"]
[WhiteElo "2863"]
[BlackElo "2637"]
[TimeControl "180+1"]
[EndTime "9:13:49 PDT"]
[Termination "alexrustemov won by resignation"]

1. d4 Nf6 2. c4 g6 3. g3 Bg7 4. Bg2 O-O 5. Nf3 d6 6. Nc3 Nc6 7. O-O e5 8. h3 exd4 9. Nxd4 Nxd4 10. Qxd4 Re8 11. Qh4 Be6 12. Bg5 h6 13. Bxh6 Bxh6 14. Qxh6 Bxc4 15. Qd2 Ba6 16. Rfe1 Qe7 17. Rad1 Qe5 18.
e4 Rad8 19. f4 Qc5+ 20. Qf2 Qxf2+ 21. Kxf2 Bc4 22. b3 Be6 23. g4 c6 24. Rd2 d5 25.
Red1 Rc8 26. exd5 Nxd5 27. Nxd5 Bxd5 28. Bxd5 cxd5 29. Rxd5 Rc2+ 30. R1d2 Rxa2 31. Rxa2 1-0

[Event "Early-Titled-Tuesday-Blitz-March-12-2024"]
[Site "Chess.com"]
[Date "2024.03.12"]
[Round "7"]
[White "Bilan_Danila"]
[Black "vovachesss"]
[Result "0-1"]
[WhiteElo "2566"]
[BlackElo "2786"]
[TimeControl "180+1"]
[EndTime "9:13:51 PDT"]
[Termination "vovachesss won by resignation"]

1. d4 d5 2. Nf3 Nf6 3. c4 c6 4. Nc3 dxc4 5. a4 Bf5 6. e3 e6 7.
Bxc4 Bb4 8. O-O O-O 9. Qe2 Bg6 10. Ne5 Nbd7 11. Nxg6 hxg6 12. Rd1 Qe7 13. e4 e5 14. d5 a5 15. Bg5 Rac8 16. Rac1 Rfd8 17. Rd3 Nc5 18.
Rh3 Bxc3 19. bxc3 cxd5 20. Bxd5 Nxa4 21. c4 Nc5 22. Qf3 Ne6 23. Be3 Nxd5 24. exd5 Nd4 25. Qe4 Ne2+ 0-1

[Event "Early-Titled-Tuesday-Blitz-March-12-2024"]
[Site "Chess.com"]
[Date "2024.03.12"]
[Round "7"]
[White "Meri-Arabidze"]
[Black "zenitushka"]
[Result "1-0"]
[WhiteElo "2713"]
[BlackElo "2301"]
[TimeControl "180+1"]
[EndTime "9:14:05 PDT"]
[Termination "Meri-Arabidze won by resignation"]

1. d4 Nf6 2. c4 g6 3. g3 Bg7 4. Bg2 O-O 5. Nc3 d6 6. Nf3 c6 7. O-O Qa5 8. e4 Qh5 9. Ng5 Bg4 10. f3 Bc8 11. f4 Qxd1 12. Rxd1 Na6 13. e5 Ng4 14. Nge4 dxe5 15. dxe5 Be6 16. h3 Nh6 17. b3 Rfd8 18. Ba3 Nf5 19. Kf2 Bf8 20. Ng5 Rxd1 21. Rxd1 Bc8 22. Rd8 Nc7 23. g4 Nh6 24. Bxe7 1-0

[Event "Early-Titled-Tuesday-Blitz-March-12-2024"]
[Site "Chess.com"]
[Date "2024.03.12"]
[Round "7"]
[White "KSho99"]
[Black "IndianSchoolOfSuffering"]
[Result "0-1"]
[WhiteElo "2139"]
[BlackElo "2398"]
[TimeControl "180+1"]
[EndTime "9:14:05 PDT"]
[Termination "IndianSchoolOfSuffering won by resignation"]

1. Nf3 g6 2. d4 Nf6 3. g3 Bg7 4. Bg2 O-O 5. O-O d5 6. b3 c6 7. Bb2 a5 8. c4 Ne4 9. Nbd2 Bf5 10. Nxe4 Bxe4 11. Ne5 Bxg2 12. Kxg2 e6 13. Rc1 a4 14. e3 Nd7 15. Nxd7 Qxd7 16. b4 dxc4 17. Qf3 b5 18. a3 f5 19. Bc3 Qd5 20. Rfd1 Rfe8 21.
Rd2 Rad8 22. Rcd1 Kf7 23. e4 Qxe4 24. Qxe4 fxe4 25. Re1 e5 26. Rxe4 exd4 27. Rf4+ Kg8 28. Bxd4 h5 29. Be3 Rxd2 30. Bxd2 Re2 31. Be3 Bh6 32.
Rf6 Bxe3 0-1

[Event "Early-Titled-Tuesday-Blitz-March-12-2024"]
[Site "Chess.com"]
[Date "2024.03.12"]
[Round "7"]
[White "djano"]
[Black "RobertoJBM"]
[Result "0-1"]
[WhiteElo "2582"]
[BlackElo "2824"]
[TimeControl "180+1"]
[EndTime "9:14:07 PDT"]
[Termination "RobertoJBM won by resignation"]

1. e4 c6 2. d4 d5 3. exd5 cxd5 4. Bd3 Nc6 5. c3 Nf6 6. Bf4 Bg4 7. Qb3 Qd7 8. Nd2 e6 9. Ngf3 Bd6 10. Bxd6 Qxd6 11. O-O O-O 12. Rae1 Bxf3 13. Nxf3 Rab8 14. Qc2 Rfc8 15. Qe2 Nd7 16. Ne5 Nf8 17. f4 g6 18. g4 Re8 19. Rf3 f6 20. Nxc6 bxc6 21. Qf2 Rb7 22. h4 Rf7 23. Kg2 Qd7 24. Qg3 Qd6 25.
Re2 c5 26. Qf2 cxd4 27. Qxd4 e5 28. Qf2 e4 29. Rg3 Ne6 30. Bc2 Nxf4+ 31. Kh2 Nxe2 32. Qxe2 f5 33. gxf5 Rxf5 34. Kh3 Ref8 35. Bb3 Rf3 0-1

[Event "Early-Titled-Tuesday-Blitz-March-12-2024"]
[Site "Chess.com"]
[Date "2024.03.12"]
[Round "7"]
[White "Eloist"]
[Black "BeardedNM"]
[Result "1-0"]
[WhiteElo "2430"]
[BlackElo "2236"]
[TimeControl "180+1"]
[EndTime "9:14:07 PDT"]
[Termination "Eloist won by checkmate"]

1. e4 e6 2. d4 d5 3. Nd2 Be7 4. Ngf3 Nf6 5. e5 Nfd7 6. Bd3 c5 7. c3 Nc6 8. Nf1 cxd4 9. cxd4 Qb6 10. Be2 Bb4+ 11.
Bd2 Nxd4 12. Nxd4 Qxd4 13. Bxb4 Qxb4+ 14. Nd2 Nxe5 15. O-O O-O 16. Qc2 Bd7 17. a3 Qb6 18. Qc3 Ng6 19. Qg3 Rac8 20. Bd3 Qxb2 21. Nf3 Ba4 22.
Bxg6 hxg6 23. Ng5 Rc3 24. Qh4 Rfc8 25. Qxa4 Rc1 26. Raxc1 Rxc1 27. Qe8# 1-0

[Event "Early-Titled-Tuesday-Blitz-March-12-2024"]
[Site "Chess.com"]
[Date "2024.03.12"]
[Round "7"]
[White "Mikhail_Golubev"]
[Black "Sattarov_Bobur"]
[Result "0-1"]
[WhiteElo "2699"]
[BlackElo "2805"]
[TimeControl "180+1"]
[EndTime "9:14:11 PDT"]
[Termination "Sattarov_Bobur won on time"]

1. e4 e5 2. Nf3 Nc6 3. Bc4 Bc5 4. c3 Qf6 5. d4 exd4 6. e5 Qg6 7. cxd4 Bb4+ 8. Nc3 d5 9. exd6 Bxd6 10. O-O Bh3 11. Re1+ Nge7 12. Ng5 Be6 13. d5 O-O-O 14. Bd3 Bf5 15.
dxc6 Bxd3 16. cxb7+ Kb8 17. Qf3 Nf5 18. Bf4 Bxf4 19.
Qxf4 Rd4 20. Qc1 Rg4 21. Nd5 Qd6 22. Re7 Nxe7 23. Nxe7 Qxe7 0-1

[Event "Early-Titled-Tuesday-Blitz-March-12-2024"]
[Site "Chess.com"]
[Date "2024.03.12"]
[Round "7"]
[White "eightbyeightchess"]
[Black "el008"]
[Result "0-1"]
[WhiteElo "2398"]
[BlackElo "2519"]
[TimeControl "180+1"]
[EndTime "9:14:11 PDT"]
[Termination "el008 won by resignation"]

1. e4 c5 2. Nf3 d6 3. d4 cxd4 4.
Qxd4 h6 5. c4 Nf6 6. Nc3 e6 7.
Be2 a6 8. O-O Nbd7 9. Rd1 b6 10.
Qe3 Qc7 11. b3 Bb7 12. Ba3 Be7 13. Qf4 Nc5 14. b4 Ncxe4 15. Nxe4 Nxe4 16. c5 bxc5 17. bxc5 Nxc5 18. Rac1 e5 19. Qg4 O-O 20. Bxc5 dxc5 21. Rd7 Qc8 22. Nxe5 Bf6 23. Rxb7 Qxb7 24. Nd7 Qb2 25.
Rxc5 Rfd8 26. h3 Bd4 27. Rc7 Qa1+ 28. Kh2 Be5+ 29. Nxe5 Qxe5+ 30. Qg3 Qxe2 0-1

[Event "Early-Titled-Tuesday-Blitz-March-12-2024"]
[Site "Chess.com"]
[Date "2024.03.12"]
[Round "7"]
[White "bubeliang"]
[Black "Goryachkina"]
[Result "1-0"]
[WhiteElo "2801"]
[BlackElo "2677"]
[TimeControl "180+1"]
[EndTime "9:14:17 PDT"]
[Termination "bubeliang won by resignation"]

1. d4 Nf6 2. Nc3 e6 3. e4 d5 4. e5 Nfd7 5. f4 c5 6. Nf3 Nc6 7. Be3 a6 8. Ne2 b5 9. c3 Be7 10. g4 b4 11. f5 a5 12. fxe6 fxe6 13. Nf4 Nf8 14. dxc5 bxc3 15. bxc3 Bh4+ 16. Kd2 Be7 17. Bb5 Bd7 18. Nd4 Qc8 19. Qa4 Nxd4 20. cxd4 Bxb5 21. Qxb5+ Kf7 22. Rhf1 Kg8 23. Rab1 Bg5 24. Qb7 Qe8 25.
Nh5 Bxe3+ 26. Kxe3 1-0

[Event "Early-Titled-Tuesday-Blitz-March-12-2024"]
[Site "Chess.com"]
[Date "2024.03.12"]
[Round "7"]
[White "QuintilianoR"]
[Black "Switzerlamb"]
[Result "0-1"]
[WhiteElo "2708"]
[BlackElo "2569"]
[TimeControl "180+1"]
[EndTime "9:14:21 PDT"]
[Termination "Switzerlamb won by resignation"]

1. Nf3 d5 2. g3 c6 3. Bg2 Bg4 4. h3 Bh5 5. O-O Nd7 6. d4 e6 7. Nbd2 Ngf6 8. Re1 Be7 9. e4 dxe4 10. Nxe4 Nxe4 11.
Rxe4 O-O 12. c3 a5 13. Bf4 a4 14. Re1 Qa5 15. Qd2 Bxf3 16. Bxf3 Rfd8 17. Qc2 Qa6 18.
Be2 b5 19. Bd3 g6 20. h4 Nb6 21. h5 Kg7 22. Qe2 Nd5 23. Bd2 Bf6 24. Qg4 Qa7 25. Kg2 Qe7 26. Rh1 Rh8 27. Rae1 Qd6 28. Bh6+ Kxh6 29. hxg6+ Kg7 30. gxf7+ Kxf7 31. Rxh7+ Rxh7 32. Qg6+ Kf8 33. Qxh7 Qe7 34. Qh3 Re8 35. Bg6 Qg7 36.
Bxe8 Nf4+ 0-1

[Event "Early-Titled-Tuesday-Blitz-March-12-2024"]
[Site "Chess.com"]
[Date "2024.03.12"]
[Round "7"]
[White "David_George21"]
[Black "shirovin"]
[Result "1-0"]
[WhiteElo "2300"]
[BlackElo "2073"]
[TimeControl "180+1"]
[EndTime "9:14:21 PDT"]
[Termination "David_George21 won by resignation"]

1. e4 c5 2. Nf3 d6 3. d4 cxd4 4.
Nxd4 Nf6 5. Nc3 a6 6. Bg5 e6 7. f4 Be7 8. Qf3 Nbd7 9. O-O-O O-O 10. g4 h6 11. Bxf6 Bxf6 12. h4 Bxd4 13. Rxd4 Nb6 14. e5 d5 15. g5 Qc7 16. gxh6 Qc5 17.
hxg7 Qxd4 18. gxf8=Q+ Kxf8 19. Bd3 Bd7 20. h5 Nc4 21. Bxc4 Qxc4 22. h6 d4 23. h7 Ke7 24.
Qg3 Rh8 25. Qg5+ Ke8 26. Qg8+ Ke7 27. Qxh8 dxc3 28. Qf6+ 1-0

[Event "Early-Titled-Tuesday-Blitz-March-12-2024"]
[Site "Chess.com"]
[Date "2024.03.12"]
[Round "7"]
[White "Viktor_Poddubnyi"]
[Black "StankovicIvan"]
[Result "0-1"]
[WhiteElo "2267"]
[BlackElo "2538"]
[TimeControl "180+1"]
[EndTime "9:14:25 PDT"]
[Termination "StankovicIvan won by resignation"]

1. e4 c5 2. Nf3 Nc6 3. d4 cxd4 4. Nxd4 g6 5. c4 Bg7 6. Be3 Qb6 7. Nb5 Qa5+ 8. N1c3 a6 9. Nd4 Nf6 10. Nb3 Qd8 11. Be2 O-O 12. O-O d6 13. f4 a5 14. Rc1 a4 15. Nd2 Qa5 16. Bf3 e5 17.
Nb5 Nd7 18. Nxd6 exf4 19. Bxf4 Bxb2 20. Rb1 Be5 21. Bh6 Qc5+ 22. Kh1 Qxd6 23. Bxf8 Nxf8 24. Qe2 Ne6 0-1

[Event "Early-Titled-Tuesday-Blitz-March-12-2024"]
[Site "Chess.com"]
[Date "2024.03.12"]
[Round "7"]
[White "szachuspl"]
[Black "HATilay"]
[Result "0-1"]
[WhiteElo "2539"]
[BlackElo "2701"]
[TimeControl "180+1"]
[EndTime "9:14:26 PDT"]
[Termination "HATilay won by resignation"]

1. d4 Nf6 2. c4 e6 3. Nf3 d5 4.
Nc3 Nbd7 5. Bg5 h6 6. Bxf6 Nxf6 7.
e3 a6 8. a4 b6 9. a5 bxa5 10. Qa4+ Bd7 11. Qxa5 Rb8 12. cxd5 exd5 13. Ra2 Bb4 14. Qxa6 Ne4 15. Qd3 Bf5 16. Ra1 O-O 17.
Be2 Ng3 18. Qd2 Nxh1 19. Ne5 Qh4 20. Bf3 Qxh2 21. Nc6 Qg1+ 22. Ke2 Qxa1 23. Nxb8 Rxb8 24. Bxd5 Bg4+ 25. f3 Bf5 26. e4 Bxc3 27. Qxc3 Rxb2+ 28. Ke3 Re2+ 29. Kd3 Re3+ 0-1

[Event "Early-Titled-Tuesday-Blitz-March-12-2024"]
[Site "Chess.com"]
[Date "2024.03.12"]
[Round "7"]
[White "IwkooO"]
[Black "Boorchess"]
[Result "1-0"]
[WhiteElo "2681"]
[BlackElo "2534"]
[TimeControl "180+1"]
[EndTime "9:14:26 PDT"]
[Termination "IwkooO won by resignation"]

1. e4 e5 2. Nf3 Nf6 3. d3 Nc6 4. Bg5 h6 5. Bh4 Bc5 6. Nbd2 d6 7. c3 a6 8. Be2 g5 9. Bg3 Ba7 10. Nc4 Be6 11. Ne3 Qd7 12. h3 Rg8 13. Nd2 d5 14. exd5 Nxd5 15. Nxd5 Bxd5 16. Ne4 Qe7 17. Bg4 h5 18. Bxh5 O-O-O 19. Qf3 f5 20. Qxf5+ Kb8 21.
Qf3 Rdf8 22. Qe2 Nd8 23. Bg4 Ne6 24. Bxe6 Qxe6 25. f3 Bxa2 26. c4 Bb3 27. Ra3 Qb6 28. Bf2 Qb4+ 29. Qd2 Bxf2+ 30. Kxf2 Qxd2+ 31. Nxd2 Bc2 32. Rc1 1-0

[Event "Early-Titled-Tuesday-Blitz-March-12-2024"]
[Site "Chess.com"]
[Date "2024.03.12"]
[Round "7"]
[White "Valio_M1948"]
[Black "only_strong_moves"]
[Result "0-1"]
[WhiteElo "2403"]
[BlackElo "2536"]
[TimeControl "180+1"]
[EndTime "9:14:27 PDT"]
[Termination "only_strong_moves won by checkmate"]

1. d4 Nf6 2. Bg5 Ne4 3. Bf4 d5 4. e3 c5 5. Bd3 cxd4 6. Bxe4 dxe4 7. exd4 g6 8. Ne2 Bg7 9. O-O O-O 10. Nbc3 Nc6 11. d5 Nb4 12. a3 Na6 13. Nxe4 Bxb2 14. Bh6 Bxa1 15. Qxa1 f6 16. Bxf8 Kxf8 17. d6 e5 18. f4 Bf5 19. fxe5 Bxe4 20. Rxf6+ Kg7 21. Nd4 Bd5 22. Rf2 Kg8 23. Qf1 Nc5 24. c4 Be4 25.
Rf7 Qg5 26. Qf4 Qxg2# 0-1

[Event "Early-Titled-Tuesday-Blitz-March-12-2024"]
[Site "Chess.com"]
[Date "2024.03.12"]
[Round "7"]
[White "Kirill_Klukin"]
[Black "Smoking_Crow"]
[Result "1-0"]
[WhiteElo "2809"]
[BlackElo "2575"]
[TimeControl "180+1"]
[EndTime "9:14:28 PDT"]
[Termination "Kirill_Klukin won by resignation"]

1. e4 e5 2. Nf3 Nc6 3. Bc4 Nf6 4. O-O Nxe4 5. Re1 Nd6 6. Bd5 Be7 7. Bxc6 dxc6 8. Nxe5 O-O 9. d4 Be6 10. c3 Re8 11.
Nd2 Bf8 12. Ndf3 f6 13. Nd3 Qd7 14. Nc5 Qf7 15. Nxe6 Rxe6 16. Bf4 Rae8 17. Rxe6 Qxe6 18. h3 Qe4 19. Bxd6 cxd6 20. Qb3+ d5 21. Re1 Qg6 22. Rxe8 Qxe8 23. Qxb7 a5 24. a4 Bd6 25. g3 Qe2 26.
Kg2 Qc4 27. Qc8+ Kf7 28. Qd7+ Be7 29. Qf5 Kg8 30. Nh4 g6 31. Qc8+ Kf7 32. Qh8 Qxa4 33.
Qxh7+ Ke6 34. Nxg6 Bd6 35. Qg8+ Kd7 36. Qf7+ Kc8 37. Qxf6 Kc7 38. h4 Qb3 39. h5 Qxb2 40. h6 Bxg3 41. Kxg3 Qxc3+ 42. Kg2 Qd3 43. h7 Qe4+ 44. Kh2 1-0

[Event "Early-Titled-Tuesday-Blitz-March-12-2024"]
[Site "Chess.com"]
[Date "2024.03.12"]
[Round "7"]
[White "scrambleyourbrain"]
[Black "VojtechPlat"]
[Result "0-1"]
[WhiteElo "2402"]
[BlackElo "2872"]
[TimeControl "180+1"]
[EndTime "9:14:31 PDT"]
[Termination "VojtechPlat won by resignation"]

1. e4 c5 2. Nf3 Nc6 3. d4 cxd4 4. Nxd4 e5 5. Nb5 a6 6. Nd6+ Bxd6 7. Qxd6 Qf6 8. Qd1 Qg6 9. Nc3 d5 10. Nxd5 Qxe4+ 11. Be3 Nd4 12. Nc7+ Ke7 13. Bd3 Qxg2 14. Bxd4 Qxh1+ 15. Kd2 Qxd1+ 16. Rxd1 exd4 17. Nxa8 Nf6 18. Nb6 Be6 19.
Re1 Kd6 20. f4 g6 21. Bc4 Re8 22. Bxe6 Rxe6 23. Nc4+ Kd5 24. Ne5 Ne4+ 25. Kd3 Nc5+ 26. Kd2 f6 27. Ng4 Rxe1 28. Kxe1 Nd7 29. Nf2 Ke6 30. Ke2 Kf5 31. Kf3 Nc5 32. b4 Na4 33.
Ne4 Ke6 34. a3 h6 35. h4 f5 36. Nd2 Kd5 37. Kg3 Nc3 38. h5 gxh5 39. Kh4 Ne2 40. Kxh5 Nxf4+ 41. Kxh6 Ng2 42. Kg5 Ne3 43. Kf4 Nxc2 44.
Kxf5 Nxa3 45. Kf4 Nc2 46. Kf3 Nxb4 47. Ke2 a5 48. Kd1 a4 49. Kc1 b5 50. Kb1 Nd3 51.
Kc2 Ne5 52. Kb2 Nc4+ 53. Kc2 Nxd2 54. Kxd2 0-1

[Event "Early-Titled-Tuesday-Blitz-March-12-2024"]
[Site "Chess.com"]
[Date "2024.03.12"]
[Round "7"]
[White "mishanick"]
[Black "KuzubovYuriy"]
[Result "1-0"]
[WhiteElo "3104"]
[BlackElo "2919"]
[TimeControl "180+1"]
[EndTime "9:14:32 PDT"]
[Termination "mishanick won by resignation"]

1. d4 d5 2. c4 e6 3. Nc3 a6 4.
cxd5 exd5 5. Bf4 Nf6 6. e3 Bd6 7. Bxd6 Qxd6 8. Bd3 O-O 9. h3 Re8 10. Qc2 Nc6 11. Nf3 Nb4 12. Qb1 b6 13. O-O Nxd3 14. Qxd3 g6 15. Rac1 Bf5 16. Qd1 Rad8 17. Qa4 Bc8 18.
Rc2 Re7 19. Rfc1 Bf5 20. Rd2 Bc8 21. Ne2 Bb7 22. Rdc2 Ne4 23. Nc3 Nf6 24. b4 Kg7 25. a3 Ng8 26. Ne2 h6 27. Nf4 f6 28. Nh4 Kh7 29.
Nfxg6 Rf7 30. Nf5 Qe6 31. Ngh4 c6 32. Rc3 h5 33. Qc2 Qe4 34. Qd1 1-0

[Event "Early-Titled-Tuesday-Blitz-March-12-2024"]
[Site "Chess.com"]
[Date "2024.03.12"]
[Round "7"]
[White "Aygehovit1992"]
[Black "Msb2"]
[Result "0-1"]
[WhiteElo "2724"]
[BlackElo "2999"]
[TimeControl "180+1"]
[EndTime "9:14:32 PDT"]
[Termination "Msb2 won by resignation"]

1. e4 e6 2. d4 d5 3. Nc3 Nf6 4. e5 Nfd7 5. f4 c5 6. Nf3 Nc6 7. Be3 a6 8. Nd2 cxd4 9. Nxd5 dxe3 10. Nxe3 Bc5 11. Nec4 O-O 12. Ne4 b5 13. Ncd6 Ne7 14. Bd3 Nf5 15. Qh5 Qh4+ 16. Qxh4 Nxh4 17. g3 Nf5 18.
O-O-O Bxd6 19. exd6 Bb7 20. Rhe1 Rfd8 21. g4 Nh4 22.
Rf1 Rac8 23. c3 Nc5 24. Nxc5 Rxc5 25. f5 Rd5 26. fxe6 fxe6 27. Bc2 R5xd6 28. Rde1 Nf3 29.
Re2 h6 30. Bb3 Nd2 31. Rxd2 Rxd2 32. Bxe6+ Kh8 0-1

[Event "Early-Titled-Tuesday-Blitz-March-12-2024"]
[Site "Chess.com"]
[Date "2024.03.12"]
[Round "7"]
[White "crazyluzhinTh3"]
[Black "eagleclaw07"]
[Result "0-1"]
[WhiteElo "2576"]
[BlackElo "2788"]
[TimeControl "180+1"]
[EndTime "9:14:36 PDT"]
[Termination "eagleclaw07 won by resignation"]

1. e4 Nf6 2. e5 Nd5 3. d4 d6 4. Nf3 dxe5 5. Nxe5 c6 6. Be2 Bf5 7. O-O Nd7 8. Nf3 e6 9. c3 h6 10. Nbd2 Bd6 11. Nc4 Bc7 12. a4 O-O 13. Re1 a5 14. Nce5 Nxe5 15. Nxe5 Bxe5 16. dxe5 Qc7 17. Bf1 Rfd8 18.
Qf3 Ne7 19. Qg3 Bg6 20. h4 Kh7 21. Qh3 Rd5 22. h5 Bf5 23. Qg3 Rad8 24. Bf4 Bd3 25. c4 Rd4 26. Be3 Nf5 27. Qf3 Nxe3 28. Rxe3 Bxf1 29.
Rxf1 Rxc4 30. b3 Rcd4 31. g3 R8d5 32. Rfe1 Kg8 33. Kg2 Qd8 34. Rc1 Qg5 35. Rce1 Rb4 36.
Re4 Rxe4 37. Rxe4 Rxe5 38. Rg4 Qxh5 39. Qf4 Qf5 40. Qd4 Qf6 41. Qd7 Rf5 42. f4 Qb2+ 43.
Kg1 Rd5 0-1

[Event "Early-Titled-Tuesday-Blitz-March-12-2024"]
[Site "Chess.com"]
[Date "2024.03.12"]
[Round "7"]
[White "FormerProdigy"]
[Black "vasblesk"]
[Result "0-1"]
[WhiteElo "2976"]
[BlackElo "2769"]
[TimeControl "180+1"]
[EndTime "9:14:39 PDT"]
[Termination "vasblesk won by resignation"]

1. d4 d5 2. Nf3 Nf6 3. Bf4 c5 4. e3 e6 5. c3 Bd6 6. Nbd2 O-O 7. Ne5 Qc7 8. Bd3 Nbd7 9. Ndf3 h6 10. h4 Ne4 11. Qb1 f5 12. Nxd7 Bxd7 13. Bxd6 Nxd6 14. Ne5 Bb5 15. Bxb5 Nxb5 16. Qd3 Nd6 17. h5 Ne4 18. f3 Nf6 19. O-O-O Rab8 20. Kb1 b5 21. dxc5 Qxe5 22. Qd4 Qc7 23. g4 e5 24.
Qd2 fxg4 25. fxg4 Rbd8 26. Qg2 Ne4 0-1

[Event "Early-Titled-Tuesday-Blitz-March-12-2024"]
[Site "Chess.com"]
[Date "2024.03.12"]
[Round "7"]
[White "rhwr"]
[Black "chess_blitz00"]
[Result "1-0"]
[WhiteElo "2313"]
[BlackElo "2448"]
[TimeControl "180+1"]
[EndTime "9:14:45 PDT"]
[Termination "rhwr won by resignation"]

1. e4 g6 2. d4 Bg7 3. Nc3 d6 4. Be3 Nd7 5. Qd2 Ngf6 6. f3 c6 7. O-O-O a5 8. h4 a4 9. a3 Qa5 10. g4 b5 11. Nb1 Qxd2+ 12. Rxd2 h5 13. g5 Nh7 14. c4 Ba6 15. cxb5 Bxb5 16. Bxb5 cxb5 17.
Nc3 Rb8 18. Nge2 Nb6 19. Rc2 Nc4 20. Bf4 Rc8 21. Kb1 Nf8 22. Rhc1 Ne6 23. Nxb5 Rb8 24. Nc7+ Nxc7 25. Rxc4 Ne6 26. Rc8+ Kd7 27. Rxh8 Bxh8 28. Rc4 Rb3 29. Rxa4 Rxf3 30. Ra7+ Kc6 31. d5+ Kb6 32. dxe6 Kxa7 33. exf7 Bg7 34. Kc2 e5 35. Bd2 Rxf7 36.
Nc3 Kb6 37. b4 Bf8 38. a4 Be7 39. Nd5+ Kc6 40. b5+ Kc5 41. Kc3 Rf3+ 42. Be3+ Rxe3+ 43. Nxe3 Bd8 44. Kd3 Kb4 45. Nd5+ Kc5 46. b6 Kc6 47. Kc4 Bxb6 48. Nxb6 Kxb6 49. Kd5 Ka5 50. Kxd6 Kxa4 51. Kxe5 1-0

[Event "Early-Titled-Tuesday-Blitz-March-12-2024"]
[Site "Chess.com"]
[Date "2024.03.12"]
[Round "7"]
[White "blitzking1729"]
[Black "ValeriyGrinev"]
[Result "1-0"]
[WhiteElo "2800"]
[BlackElo "2572"]
[TimeControl "180+1"]
[EndTime "9:14:46 PDT"]
[Termination "blitzking1729 won by resignation"]

1. Nf3 c5 2. g3 Nc6 3. Bg2 g6 4. O-O Bg7 5. c3 e5 6. d4 exd4 7. cxd4 cxd4 8. Na3 Nge7 9. Nb5 d5 10. Nbxd4 O-O 11.
Bf4 Nf5 12. Nxc6 bxc6 13. Rc1 Qb6 14. b3 Ba6 15. Re1 Rad8 16. Be5 f6 17. Bb2 d4 18.
Qc2 Rc8 19. g4 d3 20. exd3 Nh6 21. h3 Nf7 22. Bd4 Qa5 23. Re7 c5 24. Bc3 Qb6 25.
Rce1 Nd6 26. R1e6 Rc7 27. Qe2 Rxe7 28. Rxe7 Nb5 29. Bb2 Bc8 30. g5 Nd4 31. Nxd4 cxd4 32. Bd5+ Kh8 33. Rxg7 Qd6 34. Qe7 1-0

[Event "Early-Titled-Tuesday-Blitz-March-12-2024"]
[Site "Chess.com"]
[Date "2024.03.12"]
[Round "7"]
[White "lilylg"]
[Black "nelsi"]
[Result "0-1"]
[WhiteElo "2159"]
[BlackElo "2419"]
[TimeControl "180+1"]
[EndTime "9:14:47 PDT"]
[Termination "nelsi won by checkmate"]

1. d4 d5 2. c4 dxc4 3. Nf3 Nf6 4. e3 e6 5. Bxc4 a6 6. O-O b5 7. Be2 Bb7 8. a3 Nbd7 9. Nc3 c5 10. Bd2 Rc8 11.
Rc1 c4 12. Re1 Ne4 13. Bf1 Ndf6 14. g3 h5 15. Bg2 h4 16. Nxh4 Rxh4 17. gxh4 Bd6 18. f3 Bxh2+ 19. Kxh2 Ng4+ 20. fxg4 Qxh4+ 21. Kg1 Qf2+ 22. Kh2 Kd7 23. Qf3 Rh8+ 24. Qh3 Rxh3+ 25. Kxh3 Qg3# 0-1